 Dungeon Crawl Stone Soup version 0.30-a0-341-g682706514a (webtiles) character file.

Game seed: 10301618261627493403

1512 bande the Chopper (level 8, -5/49 HPs)
             Began as a Gargoyle Fighter on Nov 4, 2022.
             Was a Follower of Okawaru.
             Slain by a gnoll bouda
             ... wielding a +0 whip
              (10 damage)
             ... on level 6 of the Dungeon.
             The game lasted 00:09:55 (4997 turns).

bande the Chopper (Gargoyle Fighter)                Turns: 4997, Time: 00:09:56

Health: -5/49      AC: 16    Str: 20    XL:     8   Next: 83%
Magic:  10/10      EV:  9    Int:  9    God:    Okawaru [*.....]
Gold:   230        SH:  5    Dex: 11    Spells: 7/7 levels left

rFire   . . .      SeeInvis .    a - +0 war axe (flame)
rCold   . . .      Faith    .    c - +0 buckler
rNeg    + . .      Spirit   .    b - +0 scale mail
rPois   ∞          Reflect  .    (no helmet)
rElec   +          Harm     .    (no cloak)
rCorr   .          Rampage  .    e - +2 pair of gloves
Will    .....                    (no boots)
Stlth   ..........               n - amulet of regeneration
HPRegen 1.08/turn                (no ring)
MPRegen 0.12/turn                (no ring)

@: no status effects
A: sickness immunity, AC +5, negative energy resistance 1, electricity
resistance, torment resistance 1, petrification resistance
a: Renounce Religion, Heroism


You were on level 6 of the Dungeon.
You worshipped Okawaru.
Okawaru was aware of your devotion.
You visited 2 branches of the dungeon, and saw 7 of its levels.

You collected 230 gold pieces.

Inventory:

Hand Weapons
 a - a +0 war axe of flaming (weapon)
Armour
 b - a +0 scale mail (worn)
 c - a +0 buckler (worn)
 e - a +2 pair of gloves (worn)
Jewellery
 n - an amulet of regeneration (around neck)
Wands
 q - a wand of flame (13)
Scrolls
 h - 3 scrolls of identify
 i - a scroll of fog
 j - a scroll of teleportation
 r - a scroll of blinking
 s - a scroll of enchant armour {unknown}
 t - a scroll of poison
 u - a scroll of fear {unknown}
Potions
 d - 2 potions of might
 f - 2 potions of mutation
 g - a potion of brilliance
 k - a potion of ambrosia
 l - a potion of magic
 m - 3 potions of haste
 o - a potion of attraction
 p - 2 potions of cancellation {unknown}
 v - a potion of lignification {unknown}


   Skills:
 + Level 5.3 Fighting
 + Level 6.7 Axes
 + Level 5.8 Armour
 + Level 4.8 Shields
 * Level 3.1 Invocations
 * Level 2.3 Evocations


You had 7 spell levels left.
You didn't know any spells.
Your spell library contained the following spells:

 Spells                   Type           Power      Damage    Failure   Level
 Sandblast                Erth           0%         2d4       80%         1
 Blink                    Tloc           0%         N/A       91%         2
 Passwall                 Tmut/Erth      0%         N/A       91%         2
 Lesser Beckoning         Tloc           0%         N/A       99%         3
 Portal Projectile        Hex/Tloc       0%         N/A       99%         3
 Blade Hands              Tmut           0%         N/A       100%        5
 Ozocubu's Refrigeration  Ice            0%         4d7       100%        7
 Borgnjor's Revivificati  Necr           0%         N/A       100%        8
 Tukima's Dance           Hex            Unusable   N/A       N/A         3
 Infestation              Necr           Unusable   N/A       N/A         8

Dungeon Overview and Level Annotations

Branches:
Dungeon (6/15)             Temple (1/1) D:4

Altars:
Dithmenos
Fedhas
Gozag
Hepliaklqana
Kikubaaqudgha
Nemelex Xobeh
Okawaru
Ru
Sif Muna
Trog
Uskayaw
Vehumet
Wu Jian
Xom
Yredelemnul
Zin
The Shining One

Shops:
D:1 ?

Annotations:
D:3 2 transporters
D:5 1 runed translucent door


Innate Abilities, Weirdness & Mutations

You are immune to sickness and miasma.
Your stone body is resilient. (AC +5)
You are immune to poison.
You resist negative energy. (rN+)
You are resistant to electric shocks. (rElec)
You are resistant to unholy torment.
You are immune to petrification.


Message History

The gnoll sergeant hits you with a +0 vorpal spear.
* * * LOW HITPOINT WARNING * * *
x2 The gnoll hits you from afar with a +0 spear.
* * * LOW HITPOINT WARNING * * *
You hit the gnoll bouda but do no damage.
You hit the gnoll sergeant but do no damage.
The gnoll bouda barely misses you. The gnoll sergeant barely misses you.
The gnoll hits you but does no damage.
Unknown command.
You hit the gnoll bouda. You burn the gnoll bouda.
The gnoll bouda is moderately wounded.
You barely miss the gnoll sergeant.
The gnoll bouda hits you but does no damage.
The gnoll sergeant hits you with a +0 vorpal spear.
* * * LOW HITPOINT WARNING * * *
x2 You block the gnoll's attack.
The gnoll sergeant hits you but does no damage.
The gnoll bouda closely misses you.
You barely miss the gnoll bouda.
The gnoll bouda is moderately wounded.
You hit the gnoll sergeant but do no damage.
The gnoll is no longer moving quickly.
The gnoll hits you but does no damage.
The gnoll bouda hits you but does no damage.
You block the gnoll sergeant's attack. The gnoll closely misses you.
Unknown command.
You closely miss the gnoll bouda.
The gnoll bouda is moderately wounded.
You hit the gnoll sergeant. You burn the gnoll sergeant.
The gnoll bouda calls upon its god to heal the gnoll sergeant.
The gnoll sergeant's wounds heal themselves!
You block the gnoll sergeant's attack.
The gnoll hits you from afar with a +0 spear.
* * * LOW HITPOINT WARNING * * *
You closely miss the gnoll bouda.
The gnoll bouda is moderately wounded.
You barely miss the gnoll sergeant.
Your attacks no longer feel as feeble.
The gnoll sergeant is no longer moving quickly.
The gnoll bouda hits you with a +0 whip!
You die...

....#.......##.....
..........#.##.....
...................
..................
#...............
..###...............
............#####'#.
.####..#.#.#####.#.
#@g...#.#.......#.
#g##.##.#######...
.gg##....# #.##
...sgg...### #.#
......g....# #.#
............ #.#
#+#........## #.#
##.......# #.#


You could see a gnoll sergeant, a gnoll bouda, a scorpion and 5 gnolls.

Vanquished Creatures
  The ghost of dossus the Ruffian, a novice TrGl (D:5)
  Sigmund (D:6)
  A black bear (D:6)
  A phantom (D:5)
  A scorpion (D:4)
  A vampire bat (D:3)
  2 jellies (D:4)
  4 hounds
  3 iguanas (D:5)
  A gnoll bouda (D:5)
  Natasha (thrice) (D:4)
  2 orc wizards
  8 gnolls
  3 adders
  5 white imps
  3 ufetubi
  3 worms
  A dart slug (D:3)
  3 fire bats (D:3)
  7 orcs
  2 spectral bats (D:3)
  8 ball pythons
  13 bats
  3 bat skeletons (D:3)
  A bat zombie (D:3)
  9 endoplasms
  5 giant cockroaches
  6 goblins
  5 hobgoblins
  5 jackals
  3 quokkas
  A bat simulacrum (D:3)
  9 frilled lizards (D:1)
  9 kobolds
  8 rats
141 creatures vanquished.

Vanquished Creatures (others)
  3 demonic plants (D:4)
  9 plants (D:1)
12 creatures vanquished.

Grand Total: 153 creatures vanquished

Notes
Turn   | Place    | Note
-------+----------+-------------------------------------------
     0 | D:1      | bande the Gargoyle Fighter began the quest for the Orb.
     0 | D:1      | Reached XP level 1. HP: 14/14 MP: 1/1
    29 | D:1      | You fall into a shaft and drop 1 floor!
   200 | D:1      | Reached XP level 2. HP: 19/19 MP: 2/2
   317 | D:1      | Got the Encyclopedia of Grim Metal
   455 | D:1      | Reached skill level 2 in Axes
   681 | D:1      | Reached XP level 3. HP: 21/23 MP: 3/3
   888 | D:1      | Found Fiug's Magic Scroll Shop.
  2189 | D:3      | Reached XP level 4. HP: 29/29 MP: 4/4
  2221 | D:3      | Found a transporter.
  2368 | D:3      | Reached skill level 3 in Axes
  2392 | D:3      | Found a faded altar of an unknown god.
  2411 | D:3      | Reached XP level 5. HP: 33/33 MP: 5/5
  2626 | D:3      | Found a transporter.
  2783 | D:3      | Reached skill level 4 in Axes
  2783 | D:3      | Reached XP level 6. HP: 38/38 MP: 6/6
  3189 | D:4      | Got Sif Muna's Secrets of the Last Bounties
  3282 | D:4      | Noticed Natasha
  3288 | D:4      | Reached XP level 7. HP: 40/44 MP: 7/7
  3298 | D:4      | Killed Natasha
  3347 | D:4      | Reached skill level 5 in Axes
  3360 | D:4      | Noticed Natasha
  3373 | D:4      | Killed Natasha
  3397 | D:4      | Found a blossoming altar of Fedhas.
  3420 | D:4      | Found a glowing golden altar of the Shining One.
  3430 | D:4      | Reached skill level 5 in Armour
  3514 | D:4      | Noticed Natasha
  3518 | D:4      | Killed Natasha
  3750 | D:4      | Found a staircase to the Ecumenical Temple.
  3768 | Temple   | Entered the Ecumenical Temple
  3789 | Temple   | Became a worshipper of Warmaster Okawaru
  3948 | D:5      | Entered Level 5 of the Dungeon
  4044 | D:5      | Found a runed translucent door.
  4056 | D:5      | Found a runed translucent door.
  4139 | D:5      | Reached skill level 1 in Invocations
  4222 | D:5      | Found a basalt altar of Yredelemnul.
  4270 | D:5      | Reached skill level 1 in Evocations
  4332 | D:5      | Reached XP level 8. HP: 35/48 MP: 9/9
  4401 | D:5      | Noticed dossus's ghost (novice TrGl)
  4678 | D:5      | Killed dossus's ghost
  4678 | D:5      | Reached * piety under Okawaru
  4679 | D:5      | Reached skill level 5 in Fighting
  4679 | D:5      | Reached skill level 6 in Axes
  4886 | D:6      | Found a glowing silver altar of Zin.
  4890 | D:6      | Noticed Sigmund
  4923 | D:6      | Killed Sigmund
  4997 | D:6      | Slain by a gnoll bouda

Illustrated notes

Levels and vault maps discovered:
D:1:      kilobyte_arrival_exit_the_forest, layout_loops_corners, serial_shops,
          nicolae_square_shop, serial_bayou, serial_bayou_ford_a,
          serial_bayou_pond_d, serial_bayou_lake_a, serial_bayou_shore_b,
          serial_bayou_shore_b, minmay_lizard_king
D:2:      layout_loops_ring
D:3:      gammafunk_wand_slinger, layout_loops_cross, basic_ecumenical_altar,
          chequers_serial_rivers_room_b, minivault_11, goddamned_bats
D:4:      layout_loops_ring, old_standard_altar, fedhas_ov_isle_minmay,
          minmay_temple_entry_enclosed_plants, serial_demonic, serial_demonic_b,
          serial_demonic_f, serial_demonic_e, serial_demonic_e, uniq_natasha
D:5:      layout_basic, mainiacjoe_overflow_small_starburst,
          ebering_ghost_sewer_f
D:6:      layout_basic, minitemple, minmay_misc_feat_roman, due_unseen_surprise,
          uniq_eustachio, uniq_sigmund, uniq_duvessa
Temple:   cyrus_circular_temple

Skill      XL: |  1  2  3  4  5  6  7  8 |
---------------+-------------------------+-----
Axes           | 2 3 4 5 6 |  6.7
Armour         | 4 5 |  5.8
Fighting       | 4 5 |  5.3
Shields        | 4 |  4.8
Invocations    | 1 3 |  3.1
Evocations     | 1 2 |  2.3

Action                   |  1- 3 |  4- 6 |  7- 9 || total
-------------------------+-------+-------+-------++-------
Melee: War axe           |   119 |   112 |   176 ||   407
  Use: Scroll            |    10 |     3 |     3 ||    16
Armor: Scale mail        |    84 |   129 |   133 ||   346
Dodge: Dodged            |    69 |    81 |    82 ||   232
Block: Buckler           |    22 |    46 |    49 ||   117

Table legend: (Time is in decaauts)
 A = Elapsed time spent in this place.
 B = Non-inter-level travel time spent in this place.
 C = Inter-level travel time spent in this place.
 D = Time resting spent in this place.
 E = Time spent auto-exploring this place.
 F = Levels seen in this place.
 G = Mean time per level.
                   A        B        C        D        E       F      G
               +--------+--------+--------+--------+--------+-----+--------+
         Total |   5205 |   5123 |     82 |    500 |   3426 |   7 |  743.6 |
       Dungeon |   5128 |   5046 |     82 |    500 |   3402 |   6 |  854.7 |
        Temple |     76 |     76 |      0 |      0 |     24 |   1 |   76.0 |
               +--------+--------+--------+--------+--------+-----+--------+

Top non-repeatable levels by time:
     D:1: 1409 daAuts
     D:3: 1021 daAuts
     D:5: 965 daAuts
     D:2: 828 daAuts
     D:4: 782 daAuts
     D:6: 121 daAuts
  Temple: 76 daAuts
